 Dungeon Crawl Stone Soup version 0.28.0-43-g3370ac3207 (webtiles) character file.

Game seed: 3859101588714358377

86 Gabide the Grave Robber (level 4, -1/31 HPs)
             Began as a Mummy Necromancer on Mar 10, 2022.
             Slain by a black bear (5 damage)
             ... on level 3 of the Dungeon.
             The game lasted 00:04:41 (3599 turns).

Gabide the Grave Robber (Mummy Necromancer)         Turns: 3599, Time: 00:04:42

Health: -1/31      AC:  2    Str: 17    XL:     4   Next: 27%
Magic:  0/9        EV: 12    Int: 16    God:
Gold:   46         SH:  0    Dex: 12    Spells: 2/10 levels left

rFire   x . .      SeeInvis .   (no weapon)
rCold   + . .      Faith    .   (no shield)
rNeg    + + +      Spirit   .   a - +0 robe
rPois   ∞          Reflect  .   (no helmet)
rElec   .          Harm     .   (no cloak)
rCorr   .          Rampage  .   (no gloves)
Will    .....                   (no boots)
Stlth   ++........              (no amulet)
HPRegen 0.10/turn               b - +6 ring of strength
MPRegen 0.11/turn               (no ring)

@: no status effects
A: cold resistance 1, negative energy resistance 3, torment resistance 2, heat
vulnerability 1, no potions
a: no special abilities


You were on level 3 of the Dungeon.
You visited 1 branch of the dungeon, and saw 3 of its levels.

You collected 46 gold pieces.

Inventory:

Armour
 a - a +0 robe (worn)
Jewellery
 b - a +6 ring of strength (left hand)


   Skills:
 * Level 0.9 Fighting
 * Level 1.9 Dodging
 + Level 1.6 Stealth
 * Level 3.8 Spellcasting
 * Level 5.0 Necromancy


You had 2 spell levels left.
You knew the following spells:

 Your Spells              Type           Power      Damage    Failure   Level
a - Pain                  Necr           76%        1d7       2%          1
b - Vampiric Draining     Necr           19%        2d7       7%          3
c - Animate Dead          Necr           9%         N/A       22%         4

Your spell library contained the following spells:

 Spells                   Type           Power      Damage    Failure   Level
 Animate Skeleton         Necr           38%        N/A       2%          1
 Sandblast                Erth           6%         2d5       17%         1
 Blink                    Tloc           6%         N/A       26%         2
 Passwall                 Tmut/Erth      2%         N/A       26%         2
 Lesser Beckoning         Tloc           3%         N/A       45%         3
 Stone Arrow              Conj/Erth      6%         3d7       45%         3
 Agony                    Necr           19%        N/A       52%         5
 Manifold Assault         Tloc           3%         N/A       99%         5


Dungeon Overview and Level Annotations

Branches:
Dungeon (3/15)

Altars:
Trog

Shops:
D:2 =

Portals:
Sewer: D:3


Innate Abilities, Weirdness & Mutations

You are immune to poison.
Your flesh is cold resistant. (rC+)
You are immune to negative energy. (rN+++)
You are immune to unholy pain and torment.
You are vulnerable to heat. (rF-)
You do not drink.


Message History

The black bear claws you but does no damage.
You see here 13 gold pieces.
The black bear bites you but does no damage.
The black bear claws you. The black bear closely misses you.
Casting: Pain (safe; 2% risk of failure)
Confirm with . or Enter, or press ? or * to list all spells.
The spell is quite dangerous to miscast (7% risk of failure)!
Continue anyway?
Aiming: Vampiric Draining (quite dangerous; 7% risk of failure)
Press: ? - help, Shift-Dir - straight line, f - black bear, p - worm
Aim: a black bear You draw life force from the black bear!
You feel life coursing into your body. The black bear bites you.
The black bear claws you. x2
* * * LOW HITPOINT WARNING * * *
Casting: Vampiric Draining (quite dangerous; 7% risk of failure)
Confirm with . or Enter, or press ? or * to list all spells.
The spell is quite dangerous to miscast (7% risk of failure)!
Continue anyway?
Aiming: Vampiric Draining (quite dangerous; 7% risk of failure)
Press: ? - help, Shift-Dir - straight line, f/p - black bear
Aim: a black bear (moderately wounded)
You draw life force from the black bear!
You feel life coursing into your body. The black bear barely misses you.
The black bear claws you but does no damage.
The black bear claws you.
* * * LOW HITPOINT WARNING * * *
Casting: Vampiric Draining (quite dangerous; 7% risk of failure)
Confirm with . or Enter, or press ? or * to list all spells.
The spell is quite dangerous to miscast (7% risk of failure)!
Continue anyway?
Aiming: Vampiric Draining (quite dangerous; 7% risk of failure)
Press: ? - help, Shift-Dir - straight line, f/p - black bear
Aim: a black bear (severely wounded)
You draw life force from the black bear!
You feel life coursing into your body.
The black bear goes berserk!
Unknown command.
The black bear bites you. The black bear misses you. The black bear claws you.
* * * LOW HITPOINT WARNING * * *
The black bear bites you.
* * * LOW HITPOINT WARNING * * *
The black bear barely misses you. The black bear claws you.
You die...

###+#.$.≈≈≈≈≈...####.#.##
#...#≈≈≈≈≈≈≈#.# #.#.##
##..≈≈ww≈≈≈≈≈.## #.#.##
#...≈≈≈∩≈≈≈...# #.#.##
##..≈≈≈≈≈≈≈...###.#.##
#.#≈≈≈≈≈≈≈#†.....#.##
#...≈≈≈≈≈...######.##
##.h#...#..........## .
#..@......########## ..
##.#...##...........
...##.#.#.#############
........#.# +#.##...#.#
#.###.[#.# #...>....#
#####.>### ##.#


You could see a black bear (berserk) and a worm.

Vanquished Creatures
  4 adders (D:2)
  A worm (D:3)
  A bat (D:2)
  5 endoplasms
  A giant cockroach (D:1)
  5 goblins
  5 hobgoblins
  4 jackals
  3 quokkas (D:1)
  8 ball pythons
  A frilled lizard (D:1)
  2 kobolds (D:1)
  5 rats (D:1)
45 creatures vanquished.

Vanquished Creatures (others)
  A plant (D:1)
1 creature vanquished.

Grand Total: 46 creatures vanquished

Notes
Turn   | Place    | Note
-------+----------+-------------------------------------------
     0 | D:1      | Gabide the Mummy Necromancer began the quest for the Orb.
     0 | D:1      | Reached XP level 1. HP: 13/13 MP: 4/4
   302 | D:1      | Reached XP level 2. HP: 13/19 MP: 0/5
  1700 | D:1      | Reached XP level 3. HP: 25/25 MP: 4/7
  2448 | D:2      | Found a bloodstained altar of Trog.
  2843 | D:2      | Found Benuemut's Jewellery Shop.
  2881 | D:2      | Reached XP level 4. HP: 23/31 MP: 4/9
  3239 | D:2      | Learned a level 3 spell: Vampiric Draining
  3244 | D:2      | Learned a level 4 spell: Animate Dead
  3487 | D:3      | Found a glowing drain.
  3499 | D:3      | Reached skill level 5 in Necromancy
  3547 | D:3      | Noticed a black bear
  3599 | D:3      | Slain by a black bear

Illustrated notes

Levels and vault maps discovered:
D:1:      wander_arrival_estate, layout_basic, serial_bayou_pond_b
D:2:      layout_loops_corners, serial_shops, shop, basic_altar
D:3:      layout_basic, cheibrodos_sewer_entry_drain,
          hellmonk_ecumenical_altar_zigzags

Skill      XL: |  1  2  3  4 |
---------------+-------------+-----
Spellcasting   | 3 |  3.8
Necromancy     | 5 |  5.0
Fighting       | |  0.9
Dodging        | |  1.9
Stealth        | |  1.6

Action                   |  1- 3 |  4- 6 || total
-------------------------+-------+-------++-------
Melee: Unarmed           |    28 |       ||    28
 Cast: Pain              |    77 |    25 ||   102
       Vampiric Draining |       |     3 ||     3
  Use: Scroll            |     1 |     1 ||     2
Armor: Robe              |    10 |     4 ||    14
Dodge: Dodged            |    18 |    11 ||    29
